 Dungeon Crawl Stone Soup version 0.18-a0-486-gab6c0bd (webtiles) character file.

38 FishmanTm the Insei (level 3, -10/26 HPs)
             Began as a Merfolk Transmuter on Dec 2, 2015.
             Mangled by Sigmund
             ... wielding a +0 scythe
              (11 damage)
             ... on level 2 of the Dungeon.
             The game lasted 00:04:27 (2348 turns).

FishmanTm the Insei (Merfolk Transmuter)            Turns: 2348, Time: 00:04:28

Health: -10/26     AC:  3    Str: 10    XL:     3   Next: 43%
Magic:  2/6        EV: 13    Int: 13    God:
Gold:   89         SH:  0    Dex: 14    Spells: 3 memorised, 0 levels left

rFire  . . .     SeeInvis .       - Unarmed
rCold  . . .     Clarity  .     b - +0 robe
rNeg   . . .     SustAt   .     (no shield)
rPois  .         Gourm    .     (no helmet)
rElec  .         Spirit   .     (no cloak)
rCorr  .         Dismiss  .     (no gloves)
rMut   .         Stasis   .     h - +0 pair of boots
MR     .....                    (no amulet)
Stlth  +.........               (no ring)
                                (no ring)

@: flying, very slightly contaminated, not resistant to hostile enchantments,
very unstealthy
A: change form in water, swift swim
a: no special abilities


You were on level 2 of the Dungeon.
You were hungry.

You visited 1 branch of the dungeon, and saw 2 of its levels.

You collected 89 gold pieces.

Inventory:

Missiles
 a - 27 arrows
Armour
 b - a +0 robe (worn)
 h - a +0 pair of boots (worn)
Jewellery
 o - an uncursed ring of positive energy {unknown}
Wands
 p - a wand of frost (23)
Scrolls
 e - 3 scrolls of teleportation {unknown}
 f - a scroll of enchant weapon {unknown}
 g - a scroll of remove curse {unknown}
 i - a scroll of fear {unknown}
 j - a scroll of amnesia {unknown}
 l - 2 scrolls of recharging {unknown}
Potions
 r - a potion of flight
Books
 c - a book of Changes

   Spells                             Type                      Level
   a - Beastly Appendage              Transmutation                1
   b - Sticks to Snakes               Transmutation                2
   c - Spider Form                    Transmutation/Poison         3
   d - Ice Form                       Ice/Transmutation            4
   e - Blade Hands                    Transmutation                5
Comestibles
 d - 3 bread rations
 k - a meat ration
 n - 3 fruits
 q - a beef jerky


   Skills:
 - Level 1.1 Fighting
 - Level 2.6 Dodging
 + Level 4.8 Unarmed Combat
 - Level 2.0 Spellcasting
 - Level 2.6 Transmutations


You couldn't memorise any spells.
You knew the following spells:

 Your Spells              Type           Power        Failure   Level  Hunger
a - Beastly Appendage     Trmt           #.....       10%         1    ##.....
b - Sticks to Snakes      Trmt           #.......     14%         2    ###....
c - Spider Form           Trmt/Pois      #.........   52%         3    ####...


Dungeon Overview and Level Annotations

Branches:
Dungeon (2/15)

Altars:

Annotations:
D:2 Sigmund


Message History

Sigmund flickers and vanishes!
Deactivating autopickup; reactivate with Ctrl-A.
Unknown command.
You bump into the rock wall.
Your transformation has ended.
Your +0 pair of boots unmelds from your body.
Your +0 robe unmelds from your body.
A puff of flame appears from out of thin air!
The puff of flame hits you!
You bump into the rock wall.
A magic dart appears from out of thin air!
The magic dart hits you!
* * * LOW HITPOINT WARNING * * *
You feel less confused.
Drink which item? (? for menu, Esc to quit)
It was a potion of curing.
You feel better. Something hits you!
* * * LOW HITPOINT WARNING * * *
Unknown command.
Something hits you!
You die...

#..### #..... #)####
### ####### #.# ..#
#.....# #######.###
#.#
#.....###.......<.##
#.#
#.............#.....
#.###
#.....###.###.#.#.##
....# #..@..# #.#
#.....# #.#.# ###.###
#.# #.....# #.#.#
#####.#####.# ##....#
#.#.#
#.........#.#####@#.#
..#.#
#.###.###.#.........#
###.# #.# #.#
#.#######.### #.#
#.###.###.# ##'## #.#
#.........# ##...##
##.###### ####..###.#
##.....##


There were no monsters in sight!

Vanquished Creatures
  2 giant cockroaches (D:1)
  6 goblins
  8 hobgoblins
  6 kobolds
  3 bats
  3 giant geckos
  5 rats
33 creatures vanquished.

Notes
Turn   | Place    | Note
--------------------------------------------------------------
     0 | D:1      | FishmanTm the Merfolk Transmuter began the quest for the Orb.
     0 | D:1      | Reached XP level 1. HP: 15/15 MP: 3/3
   341 | D:1      | Reached XP level 2. HP: 21/21 MP: 3/5
   397 | D:1      | Reached skill level 4 in Unarmed Combat
  1018 | D:1      | Reached XP level 3. HP: 24/26 MP: 4/6
  1022 | D:1      | Learned a level 2 spell: Sticks to Snakes
  1026 | D:1      | Learned a level 3 spell: Spider Form
  1872 | D:2      | Noticed Sigmund
  2347 | D:2      | HP: 1/26 [something (12)]
  2348 | D:2      | Mangled by Sigmund

Vault maps used:
D:1:      grunt_arrival_crossed_arrows, patterned_corridor
D:2:      first_bread, uniq_sigmund

Action                   || total
-------------------------++-------
Melee: Unarmed           ||   105
 Cast: Beastly Appendage ||    27
       Sticks to Snakes  ||     2
       Spider Form       ||     1
  Use: Potion            ||     2
 Stab: Sleeping          ||     1
  Eat: Chunk             ||     5
